 Dungeon Sprint DCSS version 0.16.0-17-g811c1d7 (webtiles) character file.

522 maniek23 the Fighter (level 7, 0/52 HPs)
             Began as a Gargoyle Fighter on Mar 20, 2015.
             Slain by Sonja
             ... wielding a +0 short sword of distortion
              (8 damage)
             ... in the Dungeon (Sprint I: "Red Sonja").
             The game lasted 00:04:01 (622 turns).

maniek23 the Fighter (Gargoyle Fighter)              Turns: 622, Time: 00:04:01

Health: 0/52       AC: 21    Str: 20    XL:     7   Next: 22%
Magic:  6/7        EV:  7    Int:  9    God:    Xom [..*...]
Gold:   27         SH: 11    Dex: 10    Spells: 0 memorised, 6 levels left

rFire  . . .     SeeInvis .     a - +0 war axe
rCold  . . .     Clarity  .     o - +0 chain mail (curse)
rNeg   + . .     SustAb   .     c - +0 shield
rPois  ∞         Gourm    .     (no helmet)
rElec  +         Spirit   .     n - +2 cloak {+Inv}
rCorr  .         Warding  .     (no gloves)
rMut   .         NoTele   +     p - +0 pair of boots
MR     .....                    (no amulet)
Stlth  ..........               (no ring)
                                (no ring)

@: very slightly contaminated, invisible (expiring), not resistant to hostile
enchantments, extremely unstealthy
A: negative energy resistance 1, electricity resistance, unbreathing,
petrification resistance, rot immunity, AC +4
a: Renounce Religion, Turn Visible


You were in the Dungeon.
You worshipped Xom.
You were a toy of Xom.
You were not hungry.

You visited 1 branch You collected 297 gold pieces.
You spent 270 gold pieces at shops.

Inventory:

Hand weapons
 a - a +0 war axe (weapon)
Armour
 b - a +0 scale mail
 c - a +0 shield (worn)
 n - a +2 cloak of invisibility (worn)
 o - a cursed +0 chain mail (worn)
 p - a +0 pair of boots (worn)
Scrolls
 k - a scroll of blinking
Potions
 e - a potion of might
 f - a potion of curing
 g - a potion of heal wounds
 h - a potion of haste
 i - 2 potions of magic
 j - a potion of berserk rage
 l - a potion of beneficial mutation {unknown}
 m - a potion of invisibility {unknown}
Comestibles
 d - a bread ration


   Skills:
 + Level 9.8 Fighting
 + Level 4.7 Axes
 + Level 9.6 Armour
 + Level 0.5 Dodging
 + Level 0.8 Stealth
 + Level 9.2 Shields


You had 6 spell levels left.
You didn't know any spells.

Dungeon Overview and Level Annotations

Branches:
Dungeon (1/1)

Altars:
Cheibriados
Dithmenos
Elyvilon
Fedhas
Gozag
Kikubaaqudgha
Makhleb
Nemelex Xobeh
Okawaru
Qazlal
Ru
Sif Muna
Trog
Vehumet
Xom
Yredelemnul
Zin
The Shining One
Jiyva

Shops:
D [

Annotations:
D Sonja


Innate Abilities, Weirdness & Mutations

You are resistant to torment.
You are immune to poison.
Your stone body is very resilient (AC +4).
You resist negative energy.
You are resistant to electric shocks.
You can survive without breathing.
You are immune to petrification.
You are immune to rotting.


Message History

Sonja hits you but does no damage. Space warps horribly around you!
* * * LOW HITPOINT WARNING * * *
You miss Sonja.
You flicker for a moment.
Sonja casts a spell.
Sonja blinks!
Sonja hits you but does no damage. x2
Space bends around you.
* * * LOW HITPOINT WARNING * * *
Sonja barely misses you.
You see here a curare-tipped needle.
You are too injured to fight recklessly!
You miss Sonja. You block Sonja's attack. You block Sonja's attack.
Sonja closely misses you.
You closely miss Sonja. Sonja hits you but does no damage.
Space bends around you.
* * * LOW HITPOINT WARNING * * *
Sonja hits you but does no damage. Space warps horribly around you!
You die...
Xom guffaws!

###################
#<.#..').#..÷..#__#
#..'[.#..').#..'..+
#..#####'#####'#__#
#..####..#...#.####
#..#__####..##(#
#..#_..__##K#..+
#⌠⌠#_.∩...'.@._#
####_..._##_.#+#
#_____###'# #######
#.# $.$ #$.$# ##.##
#+#


You could see Sonja.

Vanquished Creatures
  A slime creature (D)
  A yak (D)
  An ogre (D)
  Sigmund (D)
  A jelly (D)
  Ijyb (D)
6 creatures vanquished.

Notes
Turn   | Place    | Note
--------------------------------------------------------------
     0 | D        | maniek23, the Gargoyle Fighter, began the quest for the Orb.
     0 | D        | Reached XP level 1. HP: 14/14 MP: 1/1
     1 | D        | Noticed Ijyb
     5 | D        | Killed Ijyb
     5 | D        | Reached skill level 4 in Fighting
     5 | D        | Reached XP level 2. HP: 16/20 MP: 2/2
     9 | D        | Noticed an ogre
    12 | D        | Killed an ogre
    12 | D        | Reached skill level 6 in Fighting
    12 | D        | Reached XP level 3. HP: 19/28 MP: 3/3
    12 | D        | Reached XP level 4. HP: 21/32 MP: 4/4
    21 | D        | Noticed Sigmund
    28 | D        | Killed Sigmund
    28 | D        | Reached skill level 7 in Fighting
    28 | D        | Reached XP level 5. HP: 16/38 MP: 5/5
   226 | D        | Found a deep blue altar of Sif Muna.
   227 | D        | Noticed a jelly
   228 | D        | Found a radiant altar of Vehumet.
   231 | D        | Killed a jelly
   251 | D        | Found Trieh's Antique Armour Emporium.
   251 | D        | Found a white marble altar of Elyvilon.
   251 | D        | Found a stormy altar of Qazlal.
   251 | D        | Found a basalt altar of Yredelemnul.
   251 | D        | Found an iron altar of Okawaru.
   251 | D        | Found a sparkling altar of Nemelex Xobeh.
   251 | D        | Found a shimmering altar of Xom.
   251 | D        | Found an ancient bone altar of Kikubaaqudgha.
   251 | D        | Noticed a yak
   258 | D        | Found a burning altar of Makhleb.
   258 | D        | Found a sacrificial altar of Ru.
   258 | D        | Found a glowing golden altar of the Shining One.
   258 | D        | Found an opulent altar of Gozag.
   271 | D        | Killed a yak
   271 | D        | Reached skill level 9 in Fighting
   271 | D        | Reached XP level 6. HP: 4/46 MP: 6/6
   549 | D        | Found a snail-covered altar of Cheibriados.
   549 | D        | Found a viscous altar of Jiyva.
   549 | D        | Found a shadowy altar of Dithmenos.
   549 | D        | Found a blossoming altar of Fedhas.
   549 | D        | Noticed a slime creature
   553 | D        | Killed a slime creature
   553 | D        | Reached XP level 7. HP: 49/52 MP: 7/7
   571 | D        | Found a glowing silver altar of Zin.
   573 | D        | Found a bloodstained altar of Trog.
   578 | D        | Became a worshipper of Xom of Chaos
   581 | D        | Bought a runed cloak for 90 gold pieces
   586 | D        | Bought a runed chain mail for 90 gold pieces
   586 | D        | Bought a pair of boots for 90 gold pieces
   606 | D        | Noticed Sonja
   622 | D        | Slain by Sonja

Action                   |  1- 3 |  4- 6 |  7- 9 || total
-------------------------+-------+-------+-------++-------
Melee: War axe           |     5 |    21 |     7 ||    33
 Abil: Evoke Invisibilit |       |       |     1 ||     1
